Oilers vs RedWings

Created - November 11 2010 at 18:22

Goals
1 2 3 T
Oilers 1 2 0 3
RedWings 0 1 1 2
Shots
1 2 3 T
Oilers 7 11 8 26
RedWings 5 6 12 23

Period #1

1. Oilers , Michal Handzus 9 (Roman Hamrlik, Dany Heatley) at 9:53

Penalties :
Roman Hamrlik (EDM) for Tripping (Minor) at 5:26, Sean ODonnell (EDM) for Tripping (Minor) at 11:51, Adrian Aucoin (EDM) for Slashing (Minor) at 15:56, Sean ODonnell (EDM) for High sticking (Minor) at 17:03

Period #2

2. RedWings , Jean-Pierre Dumont 3 (Ray Whitney, Travis Zajac) at 0:08
3. Oilers , Steve Sullivan 6 (Adrian Aucoin, Stephen Weiss) at 12:44
4. Oilers , Derek Roy 9 (Andrew Ladd, Roman Hamrlik) at 16:41 (PP)

Penalties :
Ryan Getzlaf (DET) for Hooking (Minor) at 4:36, Stephen Weiss (EDM) for Hooking (Minor) at 8:18, Keith Yandle (DET) for Tripping (Minor) at 15:27, Scott Nichol (EDM) for Tripping (Minor) at 18:22

Period #3

5. RedWings , Zach Parise 10 (Ryan Getzlaf, Keith Yandle) at 4:07

Penalties :
No Penalty

Goalie Stats

Kari Lehtonen (EDM), 21 saves from 23 shots - (0.913), W, 5-5-3, 60:00 minutes
Craig Anderson (DET), 23 saves from 26 shots - (0.885), L, 14-5-1, 59:02 minutes

Players Stats

Oilers
Player Name              G  A  P  +/- PIM S  H  SB FO    MP 
------------------------------------------------------------
Adrian Aucoin            0  1  1  -1  2   2  0  0  0/0   21 
Andrew Ladd              0  1  1   0  0   3  0  0  0/1   16 
Bryce Salvador           0  0  0   0  0   1  0  0  0/0   19 
Dany Heatley             0  1  1   1  0   2  2  0  1/1   20 
Derek Roy                1  0  1  -1  0   3  2  0  13/17 17 
Mark Popovic             0  0  0   0  0   0  2  0  0/0   16 
Michal Handzus           1  0  1   1  0   5  1  1  7/23  21 
Miroslav Satan           0  0  0   0  0   0  0  0  0/0   0  
Radek Dvorak             0  0  0   1  0   0  0  0  0/0   16 
Rod BrindAmour           0  0  0   0  0   1  0  0  2/5   3  
Roman Hamrlik            0  2  2   1  2   2  3  1  0/0   21 
Ryan Johnson             0  0  0   0  0   2  0  1  1/1   18 
Scott Hannan             0  0  0   1  0   0  0  1  0/0   20 
Scott Nichol             0  0  0   0  2   0  2  0  5/15  17 
Sean ODonnell            0  0  0  -1  4   2  2  0  0/0   20 
Stephen Weiss            0  1  1  -1  2   2  0  0  2/4   18 
Steve Sullivan           1  0  1  -1  0   1  0  0  0/1   14 
Todd Marchant            0  0  0   0  0   0  0  0  1/3   10 
RedWings
Player Name              G  A  P  +/- PIM S  H  SB FO    MP 
------------------------------------------------------------
Brett Clark              0  0  0   1  0   1  0  0  0/0   21 
Brian Campbell           0  0  0  -1  0   0  1  2  0/0   20 
Colin White              0  0  0   1  0   1  2  2  0/0   21 
Jean-Pierre Dumont       1  0  1   1  0   1  0  0  0/0   15 
Joe Callahan             0  0  0   0  0   0  0  1  0/0   15 
Keith Yandle             0  1  1  -1  2   0  0  0  0/0   19 
Kris Draper              0  0  0   0  0   0  0  0  0/0   11 
Marty Reasoner           0  0  0   0  0   0  0  0  8/12  12 
Matt Moulson             0  0  0   0  0   3  4  0  0/1   13 
Mike Cammalleri          0  0  0  -1  0   2  0  0  0/2   21 
Nate Thompson            0  0  0   0  0   0  2  0  5/8   9  
Niclas Bergfors          0  0  0   0  0   1  0  0  2/3   9  
Paul Martin              0  0  0   0  0   0  1  4  0/0   21 
Pavol Demitra            0  0  0   0  0   0  0  0  0/0   11 
Ray Whitney              0  1  1   1  0   3  0  0  1/1   21 
Ryan Getzlaf             0  1  1  -1  2   4  1  0  10/19 19 
Travis Zajac             0  1  1   1  0   2  1  0  11/23 20 
Zach Parise              1  0  1  -1  0   5  2  0  2/2   20 

3 Stars

1 - Michal Handzus (EDM)
2 - Roman Hamrlik (EDM)
3 - Jean-Pierre Dumont (DET)

Power Play

Oilers - 1 on 2 Attempt(s) - 50.00%
RedWings - 0 on 6 Attempt(s) - 0.00%

Penalty Kill

Oilers - 6 on 6 Attempt(s) - 100.00% - Score 0 goal in Penalty Kill
RedWings - 1 on 2 Attempt(s) - 50.00% - Score 0 goal in Penalty Kill

Game Notes

Jean-Pierre Dumont is injured at 11:41 of 3rd period (Strained Right Elbow)

Finance

Level 1 -- Attendance: 6453 (99.28%) -- Ticket Income $516,240.00
Level 2 -- Attendance: 5000 (100.00%) -- Ticket Income $225,000.00
Level 3 -- Attendance: 3226 (92.17%) -- Ticket Income $96,780.00
Level 4 -- Attendance: 2598 (63.90%) -- Ticket Income $38,970.00
Luxury Box -- Attendance: 1000 (100.00%) -- Ticket Income $150,000.00
Game was played at the Joe Louis Arena
Total Attendance: 18277 (91.08%)
Total Ticket Income: $1,028,488.00
Other Income: $210,640.20
Total Income: $1,239,128.00


Play by Play

Period #1

0:01 of 1st period - Travis Zajac wins face-off versus Steve Sullivan in neutral zone.
0:26 of 1st period - Icing by Colin White.
0:27 of 1st period - Travis Zajac wins face-off versus Michal Handzus in RedWings zone.
0:39 of 1st period - Jean-Pierre Dumont is hit by Roman Hamrlik and loses puck.
1:00 of 1st period - Shot by Ryan Getzlaf.
1:00 of 1st period - Stopped by Kari Lehtonen with a rebound.
1:20 of 1st period - Brian Campbell is hit by Scott Nichol and loses puck.
1:28 of 1st period - Off-side.
1:29 of 1st period - Derek Roy wins face-off versus Niclas Bergfors in neutral zone.
2:21 of 1st period - Shot by Andrew Ladd.
2:21 of 1st period - Shot Blocked by Paul Martin.
3:28 of 1st period - Shot by Jean-Pierre Dumont.
3:28 of 1st period - Deflect By Ray Whitney.
3:28 of 1st period - Stopped by Kari Lehtonen without a rebound.
3:29 of 1st period - Ryan Getzlaf wins face-off versus Rod BrindAmour in Oilers zone.
3:40 of 1st period - Shot by Dany Heatley.
3:40 of 1st period - Deflect By Rod BrindAmour.
3:40 of 1st period - Stopped by Craig Anderson without a rebound.
3:41 of 1st period - Derek Roy wins face-off versus Travis Zajac in RedWings zone.
3:49 of 1st period - Icing by Brett Clark.
3:50 of 1st period - Michal Handzus wins face-off versus Travis Zajac in RedWings zone.
4:06 of 1st period - Shot by Radek Dvorak.
4:06 of 1st period - Shot Blocked by Colin White.
4:17 of 1st period - Travis Zajac is hit by Roman Hamrlik and loses puck.
4:27 of 1st period - Icing by Scott Hannan.
4:28 of 1st period - Michal Handzus wins face-off versus Ryan Getzlaf in Oilers zone.
4:46 of 1st period - Dany Heatley is hit by Ryan Getzlaf and loses puck.
4:58 of 1st period - Zach Parise is hit by Roman Hamrlik.
5:08 of 1st period - Shot by Ryan Getzlaf.
5:08 of 1st period - Stopped by Kari Lehtonen with a rebound.
5:10 of 1st period - Shot by Zach Parise.
5:10 of 1st period - Shot Misses the Net.
5:12 of 1st period - Shot by Mike Cammalleri.
5:12 of 1st period - Shot Blocked by Roman Hamrlik.
5:19 of 1st period - Icing by Scott Hannan.
5:20 of 1st period - Nate Thompson wins face-off versus Michal Handzus in Oilers zone.
5:26 of 1st period - Minor Penalty to Roman Hamrlik for Tripping.
5:27 of 1st period - Scott Nichol wins face-off versus Travis Zajac in Oilers zone.
7:25 of 1st period - Icing by Kris Draper.
7:26 of 1st period - Marty Reasoner wins face-off versus Derek Roy in RedWings zone.
7:39 of 1st period - Shot by Derek Roy.
7:39 of 1st period - Stopped by Craig Anderson without a rebound.
7:40 of 1st period - Derek Roy wins face-off versus Nate Thompson in RedWings zone.
9:53 of 1st period - Shot by Michal Handzus.
9:53 of 1st period - Goal by Michal Handzus - Oilers : 1 - RedWings : 0.
9:54 of 1st period - Derek Roy wins face-off versus Marty Reasoner in neutral zone.
10:27 of 1st period - Shot by Derek Roy.
10:27 of 1st period - Shot Misses the Net.
10:31 of 1st period - Shot by Derek Roy.
10:31 of 1st period - Stopped by Craig Anderson with a rebound.
11:51 of 1st period - Minor Penalty to Sean ODonnell for Tripping.
11:52 of 1st period - Scott Nichol wins face-off versus Ryan Getzlaf in Oilers zone.
12:42 of 1st period - Shot by Colin White.
12:42 of 1st period - Stopped by Kari Lehtonen without a rebound.
12:43 of 1st period - Todd Marchant wins face-off versus Travis Zajac in Oilers zone.
13:45 of 1st period - Off-side.
13:46 of 1st period - Travis Zajac wins face-off versus Michal Handzus in neutral zone.
14:34 of 1st period - Icing by Joe Callahan.
14:35 of 1st period - Nate Thompson wins face-off versus Scott Nichol in RedWings zone.
14:35 of 1st period - Nate Thompson is hit by Scott Nichol.
14:57 of 1st period - Shot by Ryan Johnson.
14:57 of 1st period - Shot Misses the Net.
14:59 of 1st period - Shot by Andrew Ladd.
14:59 of 1st period - Stopped by Craig Anderson with a rebound.
15:32 of 1st period - Off-side.
15:33 of 1st period - Ryan Getzlaf wins face-off versus Michal Handzus in neutral zone.
15:33 of 1st period - Zach Parise is hit by Dany Heatley and loses puck.
15:40 of 1st period - Shot by Dany Heatley.
15:40 of 1st period - Shot Blocked by Brian Campbell.
15:42 of 1st period - Shot by Roman Hamrlik.
15:42 of 1st period - Shot Misses the Net.
15:46 of 1st period - Shot by Dany Heatley.
15:46 of 1st period - Shot Misses the Net.
15:52 of 1st period - Shot by Roman Hamrlik.
15:52 of 1st period - Stopped by Craig Anderson with a rebound.
15:54 of 1st period - Shot by Michal Handzus.
15:54 of 1st period - Stopped by Craig Anderson without a rebound.
15:55 of 1st period - Marty Reasoner wins face-off versus Derek Roy in RedWings zone.
15:55 of 1st period - Marty Reasoner is hit by Derek Roy.
15:56 of 1st period - Minor Penalty to Adrian Aucoin for Slashing.
15:57 of 1st period - Travis Zajac wins face-off versus Michal Handzus in Oilers zone.
16:02 of 1st period - Shot by Zach Parise.
16:02 of 1st period - Shot Misses the Net.
16:40 of 1st period - Shot by Mike Cammalleri.
16:40 of 1st period - Shot Misses the Net.
16:42 of 1st period - Shot by Paul Martin.
16:42 of 1st period - Shot Misses the Net.
17:03 of 1st period - Minor Penalty to Sean ODonnell for High sticking.
17:04 of 1st period - Ryan Getzlaf wins face-off versus Stephen Weiss in Oilers zone.
17:07 of 1st period - Shot by Matt Moulson.
17:07 of 1st period - Stopped by Kari Lehtonen without a rebound.
17:08 of 1st period - Stephen Weiss wins face-off versus Travis Zajac in Oilers zone.
17:38 of 1st period - Icing by Matt Moulson.
17:39 of 1st period - Stephen Weiss wins face-off versus Travis Zajac in RedWings zone.
19:39 of 1st period - Shot by Brett Clark.
19:39 of 1st period - Shot Misses the Net.
19:41 of 1st period - Shot by Nate Thompson.
19:41 of 1st period - Shot Misses the Net.
19:58 of 1st period - Derek Roy is hit by Matt Moulson and loses puck.

Period #2

0:01 of 2nd period - Travis Zajac wins face-off versus Derek Roy in neutral zone.
0:08 of 2nd period - Shot by Jean-Pierre Dumont.
0:08 of 2nd period - Goal by Jean-Pierre Dumont - Oilers : 1 - RedWings : 1.
0:09 of 2nd period - Michal Handzus wins face-off versus Ryan Getzlaf in neutral zone.
1:44 of 2nd period - Shot by Ray Whitney.
1:44 of 2nd period - Stopped by Kari Lehtonen without a rebound.
1:45 of 2nd period - Niclas Bergfors wins face-off versus Andrew Ladd in Oilers zone.
1:47 of 2nd period - Matt Moulson is hit by Mark Popovic and loses puck.
2:11 of 2nd period - Andrew Ladd is hit by Paul Martin and loses puck.
2:17 of 2nd period - Shot by Ryan Johnson.
2:17 of 2nd period - Stopped by Craig Anderson without a rebound.
2:18 of 2nd period - Travis Zajac wins face-off versus Rod BrindAmour in RedWings zone.
4:36 of 2nd period - Minor Penalty to Ryan Getzlaf for Hooking.
4:37 of 2nd period - Derek Roy wins face-off versus Marty Reasoner in RedWings zone.
4:42 of 2nd period - Shot by Andrew Ladd.
4:42 of 2nd period - Stopped by Craig Anderson without a rebound.
4:43 of 2nd period - Derek Roy wins face-off versus Marty Reasoner in RedWings zone.
4:43 of 2nd period - Stephen Weiss is hit by Colin White and loses puck.
4:56 of 2nd period - Shot by Stephen Weiss.
4:56 of 2nd period - Shot Blocked by Colin White.
6:06 of 2nd period - Icing by Derek Roy.
6:07 of 2nd period - Derek Roy wins face-off versus Marty Reasoner in Oilers zone.
6:16 of 2nd period - Shot by Roman Hamrlik.
6:16 of 2nd period - Stopped by Craig Anderson without a rebound.
6:17 of 2nd period - Marty Reasoner wins face-off versus Michal Handzus in RedWings zone.
7:39 of 2nd period - Michal Handzus is hit by Matt Moulson and loses puck.
7:48 of 2nd period - Joe Callahan is hit by Dany Heatley and loses puck.
7:56 of 2nd period - Michal Handzus is hit by Matt Moulson and loses puck.
8:04 of 2nd period - Icing by Michal Handzus.
8:05 of 2nd period - Michal Handzus wins face-off versus Mike Cammalleri in Oilers zone.
8:05 of 2nd period - Michal Handzus is hit by Zach Parise.
8:18 of 2nd period - Minor Penalty to Stephen Weiss for Hooking.
8:19 of 2nd period - Scott Nichol wins face-off versus Ryan Getzlaf in Oilers zone.
9:16 of 2nd period - Shot by Zach Parise.
9:16 of 2nd period - Shot Misses the Net.
9:18 of 2nd period - Shot by Brett Clark.
9:18 of 2nd period - Shot Hit the Post.
9:20 of 2nd period - Shot by Brett Clark.
9:20 of 2nd period - Shot Misses the Net.
9:22 of 2nd period - Shot by Zach Parise.
9:22 of 2nd period - Stopped by Kari Lehtonen without a rebound.
9:23 of 2nd period - Ryan Getzlaf wins face-off versus Michal Handzus in Oilers zone.
9:34 of 2nd period - Shot by Ryan Getzlaf.
9:34 of 2nd period - Shot Misses the Net.
10:18 of 2nd period - Shot by Travis Zajac.
10:18 of 2nd period - Shot Blocked by Michal Handzus.
11:18 of 2nd period - Shot by Andrew Ladd.
11:18 of 2nd period - Shot Misses the Net.
11:20 of 2nd period - Shot by Scott Nichol.
11:20 of 2nd period - Shot Misses the Net.
11:22 of 2nd period - Shot by Ryan Johnson.
11:22 of 2nd period - Shot Blocked by Joe Callahan.
11:24 of 2nd period - Shot by Ryan Johnson.
11:24 of 2nd period - Stopped by Craig Anderson without a rebound.
11:25 of 2nd period - Rod BrindAmour wins face-off versus Ryan Getzlaf in RedWings zone.
11:28 of 2nd period - Shot by Dany Heatley.
11:28 of 2nd period - Stopped by Craig Anderson without a rebound.
11:29 of 2nd period - Travis Zajac wins face-off versus Todd Marchant in RedWings zone.
12:40 of 2nd period - Shot by Stephen Weiss.
12:40 of 2nd period - Shot Misses the Net.
12:42 of 2nd period - Shot by Adrian Aucoin.
12:42 of 2nd period - Stopped by Craig Anderson with a rebound.
12:44 of 2nd period - Shot by Steve Sullivan.
12:44 of 2nd period - Goal by Steve Sullivan - Oilers : 2 - RedWings : 1.
12:45 of 2nd period - Nate Thompson wins face-off versus Scott Nichol in neutral zone.
13:41 of 2nd period - Roman Hamrlik is hit by Nate Thompson and loses puck.
14:27 of 2nd period - Sean ODonnell is hit by Nate Thompson and loses puck.
15:02 of 2nd period - Stephen Weiss is hit by Brian Campbell and loses puck.
15:13 of 2nd period - Ryan Johnson is hit by Zach Parise and loses puck.
15:27 of 2nd period - Minor Penalty to Keith Yandle for Tripping.
15:28 of 2nd period - Ray Whitney wins face-off versus Michal Handzus in RedWings zone.
16:19 of 2nd period - Off-side.
16:20 of 2nd period - Derek Roy wins face-off versus Mike Cammalleri in neutral zone.
16:41 of 2nd period - Shot by Derek Roy.
16:41 of 2nd period - Goal by Derek Roy - Oilers : 3 - RedWings : 1.
16:42 of 2nd period - Michal Handzus wins face-off versus Travis Zajac in neutral zone.
16:49 of 2nd period - Shot by Michal Handzus.
16:49 of 2nd period - Stopped by Craig Anderson without a rebound.
16:50 of 2nd period - Zach Parise wins face-off versus Scott Nichol in RedWings zone.
17:21 of 2nd period - Shot by Michal Handzus.
17:21 of 2nd period - Stopped by Craig Anderson without a rebound.
17:22 of 2nd period - Rod BrindAmour wins face-off versus Travis Zajac in RedWings zone.
17:31 of 2nd period - Shot by Ray Whitney.
17:31 of 2nd period - Shot Misses the Net.
17:39 of 2nd period - Shot by Ray Whitney.
17:39 of 2nd period - Stopped by Kari Lehtonen with a rebound.
17:53 of 2nd period - Shot by Sean ODonnell.
17:53 of 2nd period - Shot Misses the Net.
18:17 of 2nd period - Shot by Dany Heatley.
18:17 of 2nd period - Stopped by Craig Anderson without a rebound.
18:18 of 2nd period - Marty Reasoner wins face-off versus Scott Nichol in RedWings zone.
18:22 of 2nd period - Minor Penalty to Scott Nichol for Tripping.
18:23 of 2nd period - Zach Parise wins face-off versus Stephen Weiss in Oilers zone.
18:26 of 2nd period - Shot by Ryan Getzlaf.
18:26 of 2nd period - Stopped by Kari Lehtonen without a rebound.
18:27 of 2nd period - Ryan Getzlaf wins face-off versus Todd Marchant in Oilers zone.
18:46 of 2nd period - Shot by Mike Cammalleri.
18:46 of 2nd period - Stopped by Kari Lehtonen with a rebound.
19:32 of 2nd period - Andrew Ladd is hit by Matt Moulson and loses puck.
19:44 of 2nd period - Icing by Paul Martin.
19:45 of 2nd period - Ryan Getzlaf wins face-off versus Michal Handzus in RedWings zone.

Period #3

0:01 of 3rd period - Michal Handzus wins face-off versus Ryan Getzlaf in neutral zone.
2:12 of 3rd period - Icing by Keith Yandle.
2:13 of 3rd period - Ryan Getzlaf wins face-off versus Michal Handzus in RedWings zone.
3:13 of 3rd period - Icing by Matt Moulson.
3:14 of 3rd period - Marty Reasoner wins face-off versus Scott Nichol in RedWings zone.
3:16 of 3rd period - Icing by Matt Moulson.
3:17 of 3rd period - Marty Reasoner wins face-off versus Scott Nichol in RedWings zone.
4:05 of 3rd period - Shot by Ryan Getzlaf.
4:05 of 3rd period - Shot Misses the Net.
4:07 of 3rd period - Shot by Zach Parise.
4:07 of 3rd period - Goal by Zach Parise - Oilers : 3 - RedWings : 2.
4:08 of 3rd period - Derek Roy wins face-off versus Nate Thompson in neutral zone.
4:15 of 3rd period - Shot by Stephen Weiss.
4:15 of 3rd period - Stopped by Craig Anderson without a rebound.
4:16 of 3rd period - Travis Zajac wins face-off versus Rod BrindAmour in RedWings zone.
4:42 of 3rd period - Shot by Adrian Aucoin.
4:42 of 3rd period - Stopped by Craig Anderson without a rebound.
4:43 of 3rd period - Michal Handzus wins face-off versus Ryan Getzlaf in RedWings zone.
4:46 of 3rd period - Shot by Dany Heatley.
4:46 of 3rd period - Shot Misses the Net.
4:50 of 3rd period - Shot by Michal Handzus.
4:50 of 3rd period - Shot Hit the Post.
4:52 of 3rd period - Shot by Scott Hannan.
4:52 of 3rd period - Shot Blocked by Brian Campbell.
5:57 of 3rd period - Shot by Andrew Ladd.
5:57 of 3rd period - Stopped by Craig Anderson without a rebound.
5:58 of 3rd period - Derek Roy wins face-off versus Travis Zajac in RedWings zone.
5:58 of 3rd period - Derek Roy is hit by Colin White.
6:02 of 3rd period - Shot by Stephen Weiss.
6:02 of 3rd period - Stopped by Craig Anderson without a rebound.
6:03 of 3rd period - Derek Roy wins face-off versus Travis Zajac in RedWings zone.
6:12 of 3rd period - Shot by Derek Roy.
6:12 of 3rd period - Shot Misses the Net.
7:10 of 3rd period - Shot by Niclas Bergfors.
7:10 of 3rd period - Shot Blocked by Ryan Johnson.
7:12 of 3rd period - Shot by Marty Reasoner.
7:12 of 3rd period - Deflect By Matt Moulson.
7:12 of 3rd period - Stopped by Kari Lehtonen without a rebound.
7:13 of 3rd period - Dany Heatley wins face-off versus Ryan Getzlaf in Oilers zone.
7:23 of 3rd period - Off-side.
7:24 of 3rd period - Nate Thompson wins face-off versus Michal Handzus in neutral zone.
7:57 of 3rd period - Nate Thompson is hit by Michal Handzus and loses puck.
8:42 of 3rd period - Shot by Zach Parise.
8:42 of 3rd period - Stopped by Kari Lehtonen without a rebound.
8:43 of 3rd period - Derek Roy wins face-off versus Travis Zajac in Oilers zone.
8:43 of 3rd period - Derek Roy is hit by Travis Zajac.
8:49 of 3rd period - Jean-Pierre Dumont is hit by Derek Roy and loses puck.
9:46 of 3rd period - Shot by Michal Handzus.
9:46 of 3rd period - Stopped by Craig Anderson without a rebound.
9:47 of 3rd period - Marty Reasoner wins face-off versus Scott Nichol in RedWings zone.
9:52 of 3rd period - Shot by Niclas Bergfors.
9:52 of 3rd period - Stopped by Kari Lehtonen without a rebound.
9:53 of 3rd period - Nate Thompson wins face-off versus Michal Handzus in Oilers zone.
10:32 of 3rd period - Shot by Dany Heatley.
10:32 of 3rd period - Shot Misses the Net.
10:39 of 3rd period - Icing by Joe Callahan.
10:40 of 3rd period - Scott Nichol wins face-off versus Nate Thompson in RedWings zone.
10:43 of 3rd period - Shot by Mark Popovic.
10:43 of 3rd period - Shot Blocked by Paul Martin.
10:45 of 3rd period - Shot by Bryce Salvador.
10:45 of 3rd period - Shot Blocked by Paul Martin.
11:40 of 3rd period - Jean-Pierre Dumont is hit by Sean ODonnell and loses puck.
11:41 of 3rd period - Jean-Pierre Dumont from RedWings is injured at 11:41 of 3rd period (Strained Right Elbow).
11:42 of 3rd period - Derek Roy wins face-off versus Ryan Getzlaf in Oilers zone.
11:51 of 3rd period - Shot by Derek Roy.
11:51 of 3rd period - Shot Misses the Net.
11:53 of 3rd period - Shot by Sean ODonnell.
11:53 of 3rd period - Stopped by Craig Anderson without a rebound.
11:54 of 3rd period - Travis Zajac wins face-off versus Michal Handzus in RedWings zone.
12:13 of 3rd period - Shot by Mike Cammalleri.
12:13 of 3rd period - Shot Misses the Net.
13:15 of 3rd period - Shot by Ryan Getzlaf.
13:15 of 3rd period - Shot Misses the Net.
13:33 of 3rd period - Shot by Ryan Getzlaf.
13:33 of 3rd period - Stopped by Kari Lehtonen without a rebound.
13:34 of 3rd period - Scott Nichol wins face-off versus Travis Zajac in Oilers zone.
13:48 of 3rd period - Shot by Travis Zajac.
13:48 of 3rd period - Stopped by Kari Lehtonen without a rebound.
13:49 of 3rd period - Niclas Bergfors wins face-off versus Michal Handzus in Oilers zone.
14:00 of 3rd period - Shot by Kris Draper.
14:00 of 3rd period - Shot Misses the Net.
14:02 of 3rd period - Shot by Matt Moulson.
14:02 of 3rd period - Stopped by Kari Lehtonen without a rebound.
14:03 of 3rd period - Ryan Getzlaf wins face-off versus Scott Nichol in Oilers zone.
14:06 of 3rd period - Shot by Zach Parise.
14:06 of 3rd period - Stopped by Kari Lehtonen without a rebound.
14:07 of 3rd period - Ryan Getzlaf wins face-off versus Scott Nichol in Oilers zone.
14:07 of 3rd period - Brian Campbell is hit by Mark Popovic and loses puck.
14:12 of 3rd period - Shot by Zach Parise.
14:12 of 3rd period - Stopped by Kari Lehtonen without a rebound.
14:13 of 3rd period - Marty Reasoner wins face-off versus Michal Handzus in Oilers zone.
14:51 of 3rd period - Shot by Dany Heatley.
14:51 of 3rd period - Shot Blocked by Paul Martin.
15:08 of 3rd period - Icing by Sean ODonnell.
15:09 of 3rd period - Travis Zajac wins face-off versus Derek Roy in Oilers zone.
15:09 of 3rd period - Ray Whitney is hit by Sean ODonnell.
15:15 of 3rd period - Shot by Mike Cammalleri.
15:15 of 3rd period - Stopped by Kari Lehtonen without a rebound.
15:16 of 3rd period - Ryan Getzlaf wins face-off versus Scott Nichol in Oilers zone.
15:31 of 3rd period - Shot by Ryan Johnson.
15:31 of 3rd period - Shot Misses the Net.
15:33 of 3rd period - Shot by Mark Popovic.
15:33 of 3rd period - Shot Hit the Post.
15:35 of 3rd period - Shot by Bryce Salvador.
15:35 of 3rd period - Stopped by Craig Anderson with a rebound.
15:48 of 3rd period - Shot by Ryan Johnson.
15:48 of 3rd period - Shot Misses the Net.
15:50 of 3rd period - Shot by Mark Popovic.
15:50 of 3rd period - Shot Misses the Net.
15:52 of 3rd period - Shot by Andrew Ladd.
15:52 of 3rd period - Shot Misses the Net.
15:54 of 3rd period - Shot by Bryce Salvador.
15:54 of 3rd period - Shot Misses the Net.
16:20 of 3rd period - Shot by Sean ODonnell.
16:20 of 3rd period - Stopped by Craig Anderson without a rebound.
16:21 of 3rd period - Travis Zajac wins face-off versus Michal Handzus in RedWings zone.
16:54 of 3rd period - Shot by Ray Whitney.
16:54 of 3rd period - Shot Misses the Net.
16:56 of 3rd period - Shot by Colin White.
16:56 of 3rd period - Shot Misses the Net.
16:58 of 3rd period - Shot by Travis Zajac.
16:58 of 3rd period - Shot Misses the Net.
17:00 of 3rd period - Shot by Colin White.
17:00 of 3rd period - Deflect By Travis Zajac.
17:00 of 3rd period - Shot Blocked by Scott Hannan.
17:54 of 3rd period - Shot by Travis Zajac.
17:54 of 3rd period - Stopped by Kari Lehtonen without a rebound.
17:55 of 3rd period - Ryan Johnson wins face-off versus Matt Moulson in Oilers zone.
18:33 of 3rd period - Shot by Andrew Ladd.
18:33 of 3rd period - Shot Misses the Net.
19:02 of 3rd period - RedWings, Craig Anderson is pulled from the net.
19:14 of 3rd period - Shot by Brett Clark.
19:14 of 3rd period - Stopped by Kari Lehtonen with a rebound.


Output by the SimonT Hockey Simulator (STHS) for Stephane Roy -- Original Page W3C XHTML 1.0 Valid